 Dungeon Crawl Stone Soup version 0.30-a0-1161-g0704695555 (webtiles) character file.

Game seed: 14027180418203787377

154 qeuew the Ruffian (level 5, 0/53 HPs)
             Began as a Troll Berserker on Apr 27, 2023.
             Was a Believer of Trog.
             Slain by an orc wizard
             ... wielding a +0 dagger
              (1 damage)
             ... on level 3 of the Dungeon.
             The game lasted 00:03:26 (1848 turns).

qeuew the Ruffian (Troll Berserker)                 Turns: 1848, Time: 00:03:26

Health: 0/53       AC:  4    Str: 25      XL:     5   Next: 13%
Magic:  4/4        EV: 10    Int:  1 (3)  God:    Trog [**....]
Gold:   57         SH:  4    Dex:  9 (11) Spells: 4/4 levels left

rFire   . .          .
                       - Unarmed
rCold   . . .        (no shield)
rNeg    . . .        a - +0 animal skin
rPois   .            (helmet restricted)
rElec   .            (no cloak)
rCorr   .            (gloves unavailable)
SInv    .            (boots unavailable)
Will    .....        (no amulet)
Stlth   +            (no ring)
HPRegen 1.08/turn    (no ring)
MPRegen 0.09/turn

%: no passive effects
@: on berserk cooldown, slowed, very slow
A: large, unfitting armour, claws 3, regeneration 1, shaggy fur 1, tough skin 1,
large bone plates 1, wild magic 1, MP-powered wands
a: Renounce Religion, Berserk, Trog's Hand


You were on level 3 of the Dungeon.
You worshipped Trog.
Trog was pleased with you.
You visited 1 branch of the dungeon, and saw 3 of its levels.

You collected 57 gold pieces.

Inventory:

Armour
 a - a +0 animal skin (worn)
Wands
 c - a wand of light (7)
Scrolls
 d - a scroll of fear
 i - a scroll of magic mapping {unknown}
Potions
 b - a potion of haste
 e - a potion of flight
 g - 2 potions of mutation
 h - a potion of lignification {unknown}


   Skills:
 + Level 3.2 Fighting
 + Level 3.2 Dodging
 * Level 4.6 Unarmed Combat


You had 4 spell levels left.
You didn't know any spells.
Your spell library was empty.

Dungeon Overview and Level Annotations

Branches:
Dungeon (3/15)

Altars:
Gozag

Shops:
D:1 [   D:2 (([:


Innate Abilities, Weirdness & Mutations

You are too large for most types of armour.
You have claws for hands.
Your natural rate of healing is unusually fast.
You are covered in fur. (AC +1)
You have tough skin. (AC +1)
You are partially covered in large bone plates. (SH +4)
Your spells are a little harder to cast, but a little more powerful.
You expend magic power (3 MP) to strengthen your wands.


Message History

You scratch Ijyb.
You kill Ijyb!
Trog accepts your kill.
You feel your dexterity returning.
You have reached level 5!
The orc barely misses you. The orc priest closely misses you.
The frilled lizard barely misses you. The rat bites you but does no damage.
Something hits you.
Things that are here:
a +0 dagger; a +0 ring mail; a wand of charming (2) Unknown command.
You closely miss the orc priest. The orc hits you with a +0 club.
The orc priest closely misses you.
The frilled lizard bites you but does no damage.
The rat barely misses you. Something hits you.
You completely miss the orc priest.
You are no longer berserk.
You are exhausted.
You feel yourself slow down.
You barely miss the orc priest. The orc hits you with a +0 club.
The orc priest hits you with a +0 mace. Something hits you.
The frilled lizard barely misses you. The rat bites you but does no damage.
The orc barely misses you. Something hits you but does no damage.
The rat misses you. The orc priest hits you with a +0 mace.
The frilled lizard barely misses you.
You claw the orc priest!
The orc priest is almost dead.
Your skin stops crawling.
You feel less strong-willed. The orc closely misses you.
The orc priest barely misses you. Something hits you but does no damage.
The frilled lizard closely misses you. The rat closely misses you.
You closely miss the orc priest.
The orc priest is almost dead.
The orc priest mumbles some strange prayers to Beogh against you.
Beogh smites you!
* * * LOW HITPOINT WARNING * * *
The orc hits you with a +0 club.
* * * LOW HITPOINT WARNING * * *
Something hits you.
You die...

........#
#...........
........###########
########....
........##.........
... #####
###+####.....#####
....
#......#######....
##................
###..........[...
#P##...o)r.....# #
#. #..:l@{...... #
.# #....o....... #
.# #............ .P
P.P..=.........
##...........8.
##............
...........8.
..............


You could see an orc priest, an orc, a frilled lizard and a rat.

Vanquished Creatures
  An orc priest (D:3)
  Ijyb (D:3)
  4 adders
  A worm (D:3)
  5 dart slugs
  An orc (D:3)
  5 endoplasms
  3 giant cockroaches
  6 goblins
  2 hobgoblins
  5 kobolds
  A quokka (D:2)
  A ball python (D:3)
  A bat (D:2)
  5 frilled lizards
  9 rats
51 creatures vanquished.

Notes
Turn   | Place    | Note
-------+----------+-------------------------------------------
     0 | D:1      | qeuew the Troll Berserker began the quest for the Orb.
     0 | D:1      | Reached XP level 1. HP: 22/22 MP: 0/0
   254 | D:1      | Reached XP level 2. HP: 29/29 MP: 1/1
   699 | D:1      | Found Jiagh's Antique Armour Boutique.
   844 | D:1      | Gained mutation: You passively map a small area around you.
                  | [potion of mutation]
   844 | D:1      | Gained mutation: You have a pair of small horns on your
                  | head. [potion of mutation]
   844 | D:1      | Gained mutation: Your spells are a little harder to cast,
                  | but a little more powerful. [potion of mutation]
  1051 | D:2      | Found Tozec's Armour Shop.
  1097 | D:2      | Reached XP level 3. HP: 34/36 MP: 2/2
  1139 | D:2      | Reached ** piety under Trog
  1157 | D:2      | Found an opulent altar of Gozag.
  1301 | D:2      | Reached skill level 4 in Unarmed Combat
  1414 | D:2      | Found Veopeten's Book Shop.
  1475 | D:2      | Reached XP level 4. HP: 43/44 MP: 3/3
  1478 | D:2      | Lost intelligence.
  1511 | D:2      | Found Rasol's Weapon Shop.
  1559 | D:2      | Found Podd's Antique Weapon Shoppe.
  1602 | D:2      | Lost mutation: You have a pair of small horns on your head.
                  | [potion of mutation]
  1602 | D:2      | Lost mutation: You passively map a small area around you.
                  | [potion of mutation]
  1602 | D:2      | Gained mutation: You are partially covered in large bone
                  | plates. (SH +4) [potion of mutation]
  1602 | D:2      | Gained mutation: You expend magic power (3 MP) to
                  | strengthen your wands. [potion of mutation]
  1827 | D:3      | Noticed Ijyb
  1842 | D:3      | Killed Ijyb
  1843 | D:3      | Reached XP level 5. HP: 34/53 MP: 4/4
  1848 | D:3      | HP: 1/53 [orc/+0 club (4)]
  1848 | D:3      | Slain by an orc wizard

Illustrated notes

Levels and vault maps discovered:
D:1:      dpeg_arrival_arbitrary_a, layout_loops_ring, serial_shops, shop
D:2:      layout_basic, basic_altar, serial_shops,
          nicolae_shop_tiny_real_fake_doors, shop, shop, shop
D:3:      minmay_chambers_of_threes, layout_basic, nicolae_uskayaw_dance_hall,
          dreamdust_ecumenical_altar_hidden_monk_grotto, uniq_ijyb

Skill      XL: |  1  2  3  4 |
---------------+-------------+-----
Unarmed Combat | 4 |  4.6
Fighting       | 3 |  3.2
Dodging        | 3 |  3.2

Action                     |  1- 3 |  4- 6 || total
---------------------------+-------+-------++-------
  Melee: Unarmed           |    90 |    46 ||   136
         Headbutt          |     5 |       ||     5
 Invoke: Berserk           |       |     1 ||     1
         Trog's Hand       |       |     1 ||     1
    Use: Scroll            |     6 |     3 ||     9
         Potion            |     2 |     3 ||     5
   Stab: Sleeping          |     2 |       ||     2
 Armour: Animal skin       |    33 |    26 ||    59
  Dodge: Dodged            |    30 |    45 ||    75
  Block: Other             |       |    12 ||    12

Table legend: (Time is in decaauts)
 A = Elapsed time spent in this place.
 B = Non-inter-level travel time spent in this place.
 C = Inter-level travel time spent in this place.
 D = Time resting spent in this place.
 E = Time spent auto-exploring this place.
 F = Levels seen in this place.
 G = Mean time per level.
                   A        B        C        D        E       F      G
               +--------+--------+--------+--------+--------+-----+--------+
         Total |   1960 |   1890 |     70 |    106 |   1436 |   3 |  653.3 |
       Dungeon |   1960 |   1890 |     70 |    106 |   1436 |   3 |  653.3 |
               +--------+--------+--------+--------+--------+-----+--------+

Top non-repeatable levels by time:
     D:1: 996 daAuts
     D:2: 683 daAuts
     D:3: 280 daAuts
